 Dungeon Crawl Stone Soup version 0.22-a0-479-gc6e99f3 (webtiles) character file.

69 inmateoo the Skirmisher (level 4, -1/41 HPs)
             Began as a Hill Orc Necromancer on June 15, 2018.
             Slain by an iguana (8 damage)
             ... on level 2 of the Dungeon.
             The game lasted 00:02:13 (1510 turns).

inmateoo the Skirmisher (Hill Orc Necromancer)      Turns: 1510, Time: 00:02:14

Health: -1/41      AC:  6    Str: 10    XL:     4   Next: 20%
Magic:  0/6        EV: 11    Int: 16    God:
Gold:   89         SH:  0    Dex: 11    Spells: 2/6 levels left

rFire    . . .     SeeInvis .   f - +1 dagger
rCold    . . .     Gourm    .   (no shield)
rNeg     . . .     Faith    .   i - +0 leather armour (curse)
rPois    .         Spirit   .   (no helmet)
rElec    .         Reflect  .   (no cloak)
rCorr    .         Harm     .   (no gloves)
MR       .....                  j - +0 pair of boots
Stlth    +.........             (no amulet)
HPRegen  0.13/turn              g - +2 ring of protection
MPRegen  0.10/turn              (no ring)

@: very slightly contaminated
A: no striking features
a: no special abilities


You were on level 2 of the Dungeon.
You were not hungry.

You visited 1 branch of the dungeon, and saw 2 of its levels.

You collected 89 gold pieces.

Inventory:

Hand Weapons
 f - a +1 dagger (weapon)
Armour
 i - a cursed +0 leather armour (worn)
 j - a +0 pair of boots (worn)
Jewellery
 g - a +2 ring of protection (left hand)
Scrolls
 b - a scroll of fog {unknown}
 d - a scroll of noise {unknown}
 h - a scroll of remove curse {unknown}
 k - a scroll of identify
 m - 2 scrolls of enchant armour {unknown}
Potions
 e - 2 potions of magic
 l - a potion of agility {unknown}
Comestibles
 a - 2 chunks of flesh
 c - 3 rations


   Skills:
 + Level 4.5 Fighting
 - Level 1.5 Dodging
 - Level 1.5 Stealth
 - Level 1.5 Spellcasting
 - Level 4.0 Necromancy


You had 2 spell levels left.
You knew the following spells:

 Your Spells              Type           Power        Failure   Level  Hunger
a - Pain                  Necr           ##..         6%          1    ##.....
b - Regeneration          Chrm/Necr      #.........   36%         3    ####...

Your spell library contained the following spells:

 Spells                   Type           Power        Failure   Level  Hunger
 Animate Dead             Necr           N/A          50%         4    #####..
 Animate Skeleton         Necr           N/A          6%          1    ##.....
 Vampiric Draining        Necr           ##........   17%         3    ####...


Dungeon Overview and Level Annotations

Branches:
Dungeon (2/15)

Altars:


Message History

The iguana is almost dead.
The rat barely misses you.
The iguana bites you but does no damage.
Unknown command.
You barely miss the iguana.
The iguana is almost dead.
The rat barely misses you. The iguana barely misses you.
Unknown command.
You barely miss the iguana.
The iguana is almost dead.
The rat barely misses you. The iguana bites you.
* * * LOW HITPOINT WARNING * * *
Unknown command.
Casting: Pain (safe; 6% risk of failure)
Confirm with . or Enter, or press ? or * to list all spells.
Aiming: Pain (safe; 6% risk of failure)
Press: ? - help, Shift-Dir - straight line, f/p - iguana
Aim: an iguana (almost dead, chance to defeat MR: 79%)
The iguana writhes in agony!
The rat closely misses you. The iguana bites you!
You die...

.#............... #.#
#..#..............# #.#
#..................####.##
#..............)...##....#
#..........##..##..##....#
#..........##..##...#....#.
#....>.....#..#<...........
#.........rl....#......####
#....)..>รท@#.####...####
#............####.....#
#.<.)......###......#.#####
#..............###........#
###..#......#### #...####.#
#.##.#.#### ##.... #.#....#
#..#.# ..#..### ##.#.#
#.##.## #.# #


You could see an iguana and a rat.

Vanquished Creatures
  2 adders (D:2)
  An ooze (D:1)
  2 dart slugs (D:1)
  2 leopard geckos (D:2)
  A giant cockroach (D:1)
  7 goblins
  6 hobgoblins
  2 kobolds
  9 bats
  3 frilled lizards
  7 rats
42 creatures vanquished.

Notes
Turn   | Place    | Note
-------+----------+-------------------------------------------
     0 | D:1      | inmateoo the Hill Orc Necromancer began the quest for the Orb.
     0 | D:1      | Reached XP level 1. HP: 14/14 MP: 3/3
    40 | D:1      | Reached skill level 1 in Fighting
   142 | D:1      | Reached XP level 2. HP: 16/24 MP: 1/4
   577 | D:1      | Reached XP level 3. HP: 19/31 MP: 1/5
  1144 | D:1      | Learned a level 3 spell: Regeneration
  1314 | D:2      | Reached XP level 4. HP: 26/41 MP: 0/6
  1510 | D:2      | Slain by an iguana

Vault maps used:
D:1:      nicolae_arrival_somewhat_less_tricky_arrival
D:2:      serial_forest, infiniplex_forest_lined_1,
          infiniplex_forest_lined_room_2, infiniplex_forest_straight_3,
          infiniplex_forest_end_2

Skill      XL: |  1  2  3 |
---------------+----------+-----
Fighting       | 1 3 4 |  4.5
Dodging        | |  1.5
Stealth        | |  1.5
Spellcasting   | |  1.5
Necromancy     | |  4.0

Action                   |  1- 3 |  4- 6 || total
-------------------------+-------+-------++-------
Melee: Dagger            |   108 |    12 ||   120
       Unarmed           |     3 |       ||     3
 Cast: Pain              |    32 |    13 ||    45
  Use: Scroll            |     2 |       ||     2
 Stab: Sleeping          |     4 |       ||     4
  Eat: Chunk             |     2 |     1 ||     3
Armor: Robe              |    16 |       ||    16
       Leather armour    |    21 |     6 ||    27
Dodge: Dodged            |    96 |    21 ||   117

Table legend:
 A = Spawn XP
 B = Non-spawn XP
 C = Spawn XP percentage of total XP
 D = Spawn monster count
 E = Non-spawn monster count
 F = Spawn count percentage of total count
 G = Total turns spent on level
                    A         B        C        D         E        F      G
               +---------+---------+-------+---------+---------+-------+---------
         Total |       0 |      99 |   0.0 |       0 |      42 |   0.0 |  1510
               +---------+---------+-------+---------+---------+-------+---------
           D:1 |       0 |      48 |   0.0 |       0 |      25 |   0.0 |  1163
           D:2 |       0 |      51 |   0.0 |       0 |      17 |   0.0 |   347
               +---------+---------+-------+---------+---------+-------+---------
